 Dungeon Crawl Stone Soup version bcrawl-1.19.1 (webtiles) character file.

Game seed: 6840836951863985698

575 Niddhogr the Stinger (level 7, 46/46 HPs)
             Began as a Demonspawn Venom Mage on Dec 1, 2019.
             Got out of the dungeon alive.
             The game lasted 00:09:32 (4541 turns).

Niddhogr the Stinger (Demonspawn Venom Mage)        Turns: 4541, Time: 00:09:33

Health: 46/46      AC:  5    Str:  8    XL:     7   Next: 12%
Magic:  10/10      EV: 12    Int: 18    God:
Gold:   246        SH:  0    Dex: 14    Spells: 3/10 levels left

rFire    + . .     SeeInvis .   u - +4 falchion
rCold    x . .     Gourm    .   (no shield)
rNeg     . . .     Faith    .   a - +0 robe
rPois    .         Spirit   .   n - +0 helmet
rElec    .         Reflect  .   (no cloak)
rCorr    .         Harm     .   o - +0 pair of gloves
MR       .....                  k - +0 pair of boots
Stlth    ++........             (no amulet)
HPRegen  0.15/turn              s - ring of fire {rF+, rC-}
MPRegen  0.12/turn              (no ring)

@: no status effects
A: powered by pain 1, spiny 1, sanguine armour 1
a: no special abilities


You escaped.
You were not hungry.

You visited 1 branch of the dungeon, and saw 5 of its levels.

You collected 246 gold pieces.

Inventory:

Hand Weapons
 m - a +0 spear
 u - a +4 falchion (weapon)
Missiles
 Q - 128 stones (quivered)
Armour
 a - a +0 robe (worn)
 k - a +0 pair of boots (worn)
 n - a +0 helmet (worn)
 o - a +0 pair of gloves (worn)
Jewellery
 s - a ring of fire (left hand) {rF+, rC-}
Wands
 q - a wand of clouds (4)
Scrolls
 b - a scroll of amnesia {unknown}
 e - 2 scrolls of enchant armour {unknown}
 h - 6 scrolls of identify {unknown}
 i - 2 scrolls of remove curse {unknown}
Potions
 c - a potion of berserk rage {!q}
 d - a potion of degeneration {!q}
 g - a potion of curing {unknown}
 j - a potion of ambrosia {unknown}
 l - a potion of haste {unknown}
 p - a potion of flight {unknown}
 r - 3 potions of mutation {unknown}
Comestibles
 f - 7 rations {!d}


   Skills:
 + Level 3.4 Polearms
 - Level 1.7 Dodging
 - Level 2.0 Stealth
 - Level 2.0 Spellcasting
 - Level 1.0 Conjurations
 * Level 7.1 Poison Magic


You had 3 spell levels left.
You knew the following spells:

 Your Spells              Type           Power        Failure   Level  Hunger
a - Sting                 Conj/Pois      ###.         3%          1    #......
b - Poisonous Vapours     Pois/Air       ##....       6%          2    ###....
c - Olgreb's Toxic Radia  Pois           ####....     10%         4    #####..

Your spell library contained the following spells:

 Spells                   Type           Power        Failure   Level  Hunger
 Ignite Poison            Fire/Tmut/Pois ###.....     21%         3    ###....
 Summon Scorpions         Summ/Pois      ##......     38%         4    #####..
 Venom Bolt               Conj/Pois      ###.......   67%         5    ######.


Dungeon Overview and Level Annotations

Branches:
Dungeon (5/12)
 Temple: D:4-7

Altars:
Kikubaaqudgha
Qazlal
Yredelemnul


Innate Abilities, Weirdness & Mutations

You sometimes gain a little power by taking damage.
You are partially covered in sharp spines.
When seriously injured, your bleeding wounds create armour. (AC +0)


Message History

You regained 2 hp, and now have 41/46 hp.
You regained 2 mp, and now have 5/10 mp.
You eat one of the 8 rations {!d}.
That ration really hit the spot!
(D) Dungeon
Where to? (Enter - D:1, ? - help)
What level of the Dungeon? (default 1, ? - help)
There is a stone staircase leading up here.
You climb upwards.
There is a stone staircase leading down here.
You see here a hand axe.
There is a stone staircase leading up here.
You climb upwards.
There is a stone staircase leading down here.
There is a stone staircase leading up here.
You climb upwards.
There is a stone staircase leading down here.
Health restored: 46; MP restored: 10
There is a staircase leading out of the dungeon here.
Are you sure you want to leave the Dungeon?
This will make you lose the game!
You have escaped!

...# #...#
#..#####.###
#........#
#...###########
#...### #.....#
#.....###.8.8.##
##..#.##.......#
#..#.##8......###
##....##..###..#@#
#..>#.#...#a#..#.#
#.###.#8..#h#..#.#
#.# #.....#k#..#.#
..# ###8..#N#..#.#
### #...#l#..#.#
##..###..#.#
#8........#
#.........#


There were no monsters in sight!

Levels and vault maps discovered:
D:1:      onia_arrival_zoo_common, layout_basic, serial_glass, glass_columns_b,
          glass_columns_b, glass_columns_c, glass_columns_b, glass_columns_b,
          glass_columns_b, glass_columns_c, glass_columns_c
D:2:      layout_basic, first_ration
D:3:      kennysheep_big_flooded_room, layout_basic, grunt_qazlal_clouds,
          lemuel_zombie_altar_yredelemnul
D:4:      layout_cave_pools, serial_bayou, serial_bayou_shore_a,
          serial_bayou_pond_c, serial_bayou_lake_a, serial_bayou_ford_a,
          serial_bayou_shore_b, serial_bayou_pond_c, guppyfry_early_orc_mine
D:5:      layout_basic, lemuel_doored_altar, serial_shops, shop,
          kb_lookout_dungeons_type

Notes
Turn   | Place    | Note
-------+----------+-------------------------------------------
     0 | D:1      | Niddhogr the Demonspawn Venom Mage began the quest for the
                  | Orb.
     0 | D:1      | Reached XP level 1. HP: 13/13 MP: 3/3
     6 | D:1      | Noticed a lindwurm
     6 | D:1      | Identified a +4 halberd
     6 | D:1      | Noticed a salamander
     6 | D:1      | Noticed an iguana
     7 | D:1      | Noticed a worker ant
     7 | D:1      | Noticed a black bear
   290 | D:1      | Gained mutation: You are partially covered in sharp spines.
                  | [demonic ancestry]
   290 | D:1      | Reached XP level 2. HP: 12/19 MP: 0/5
   294 | D:1      | Learned a level 2 spell: Poisonous Vapours
   432 | D:1      | Identified a +0 whip
   600 | D:1      | Identified a +0 spear (You found it on level 1 of the
                  | Dungeon)
   694 | D:1      | Reached skill level 4 in Poison Magic
   869 | D:1      | Identified a +0 helmet (You found it on level 1 of the
                  | Dungeon)
   908 | D:1      | Identified a +0 pair of gloves (You found it on level 1 of
                  | the Dungeon)
  1034 | D:2      | Noticed a crimson imp
  1295 | D:2      | Identified a +0 whip
  1297 | D:2      | Reached XP level 3. HP: 24/24 MP: 3/6
  1412 | D:2      | Identified a +0 club
  1425 | D:2      | Identified a +0 dagger
  1555 | D:2      | Identified a +0 dagger
  1966 | D:2      | Identified a +0 club
  2054 | D:3      | Identified a +0 dagger
  2111 | D:3      | Reached skill level 1 in Polearms
  2129 | D:3      | Found a stormy altar of Qazlal.
  2134 | D:3      | Reached XP level 4. HP: 28/30 MP: 4/7
  2252 | D:3      | Identified a ring of fire (You found it on level 3 of the
                  | Dungeon)
  2295 | D:3      | Identified a +0 club
  2535 | D:3      | Identified a +0 club
  2623 | D:3      | Found a basalt altar of Yredelemnul.
  2670 | D:3      | Identified a +0 club
  2679 | D:3      | Learned a level 4 spell: Olgreb's Toxic Radiance
  2771 | D:3      | Reached skill level 5 in Poison Magic
  3241 | D:3      | Identified a +0 hand axe
  3242 | D:3      | Identified a +4 falchion
  3242 | D:3      | Identified a +0 leather armour
  3245 | D:3      | Identified a +0 dagger
  3260 | D:3      | Reached XP level 5. HP: 35/35 MP: 0/8
  3443 | D:4      | Identified a +0 pair of boots (You found it on level 4 of
                  | the Dungeon)
  3483 | D:4      | Identified a +0 club
  3518 | D:4      | Reached skill level 2 in Polearms
  3663 | D:4      | Identified a +0 hand axe
  3668 | D:4      | Identified a +0 club
  3669 | D:4      | Identified a +0 hand axe
  3669 | D:4      | Identified a +0 chain mail
  3669 | D:4      | Noticed an orc warrior
  3669 | D:4      | Identified a +0 flail
  3674 | D:4      | Identified a +0 falchion
  3695 | D:4      | Identified a +0 hand axe
  3695 | D:4      | Identified a +0 ring mail
  3703 | D:4      | Killed an orc warrior
  3703 | D:4      | Reached skill level 6 in Poison Magic
  3703 | D:4      | Gained mutation: You sometimes gain a little power by
                  | taking damage. [demonic ancestry]
  3703 | D:4      | Reached XP level 6. HP: 29/41 MP: 1/9
  3873 | D:4      | Identified a +0 dagger
  3873 | D:4      | Identified a +0 robe
  4252 | D:1      | Reached skill level 3 in Polearms
  4340 | D:5      | Entered Level 5 of the Dungeon
  4355 | D:5      | Found an ancient bone altar of Kikubaaqudgha.
  4366 | D:5      | Identified a +0 giant spiked club
  4423 | D:5      | Identified a +0 shortbow
  4431 | D:5      | Reached skill level 7 in Poison Magic
  4431 | D:5      | Gained mutation: When seriously injured, your bleeding
                  | wounds create armour. (AC +0) [demonic ancestry]
  4431 | D:5      | Reached XP level 7. HP: 39/46 MP: 3/10
  4541 | D:$      | Got out of the dungeon alive.

Table legend:
 A = Turns spent in this place as a percentage of turns spent in the entire game.
 B = Non-inter-level travel turns spent in this place as a percentage of non-inter-level travel turns spent in the entire game.
 C = Inter-level travel turns spent in this place as a percentage of turns spent in this place.
 D = Turns resting spent in this place as a percentage of non-inter-level travel turns spent in this place.
 E = Turns spent auto-exploring this place as a percentage of non-inter-level travel turns spent in this place.
 F = Non-inter-level travel turns spent in this place divided by the number of levels of this place that you've seen.
                   A       B       C       D       E      F
               +-------+-------+-------+-------+-------+----------------------
         Total | 100.0 | 100.0 |   8.3 |   0.1 |  83.1 | 833.0
       Dungeon | 100.0 | 100.0 |   8.3 |   0.1 |  83.1 | 833.0
               +-------+-------+-------+-------+-------+----------------------

Table legend:
 A = Kills in this place as a percentage of kills in entire the game.
 B = Kills by you in this place as a percentage of kills by you in the entire game.
 C = Kills by friends in this place as a percentage of kills by friends in the entire game.
 D = Other kills in this place as a percentage of other kills in the entire game.
 E = Experience gained in this place as a percentage of experience gained in the entire game.
 F = Experience gained in this place divided by the number of levels of this place that you have seen.
                   A       B       C       D       E      F
               +-------+-------+-------+-------+-------+----------------------
         Total | 100.0 | 100.0 |   N/A |   N/A | 100.0 | 164.4
       Dungeon | 100.0 | 100.0 |   N/A |   N/A | 100.0 | 164.4
               +-------+-------+-------+-------+-------+----------------------

Skill      XL: |  1  2  3  4  5  6 |
---------------+-------------------+-----
Poison Magic   | 4 5 6 7 |  7.1
Polearms       | 1 2 3 |  3.4
Dodging        | |  1.7
Stealth        | |  2.0
Spellcasting   | |  2.0
Conjurations   | |  1.0

Action                   |  1- 3 |  4- 6 |  7- 9 || total
-------------------------+-------+-------+-------++-------
Melee: Unarmed           |     8 |       |       ||     8
       Spear             |   115 |    42 |       ||   157
       Falchion          |       |    35 |       ||    35
 Cast: Sting             |    25 |       |       ||    25
       Poisonous Vapours |     5 |    13 |       ||    18
       Olgreb's Toxic Ra |       |     2 |       ||     2
 Stab: Sleeping          |     4 |     4 |       ||     8
  Eat: Chunk             |     5 |     7 |       ||    12
       Ration            |       |       |     1 ||     1
Armor: Robe              |    20 |    12 |       ||    32
Dodge: Dodged            |    62 |    33 |       ||    95

Vanquished Creatures
  An orc warrior (D:4)
  An ogre (D:5)
  A centaur (D:5)
  2 crimson imps
  2 orc priests
  A hound (D:4)
  An orc wizard (D:4)
  A worker ant (D:3)
  2 adders (D:3)
  An adder skeleton (D:4)
  A worm (D:1)
  6 dart slugs
  3 leopard geckos
  7 orcs
  2 giant cockroaches
  2 gnoll zombies (D:3)
  9 goblins
  7 hobgoblins
  3 jackals (D:2)
  6 kobolds
  2 quokkas (D:2)
  A ball python (D:3)
  7 bats
  4 frilled lizards
  2 rats
75 creatures vanquished.
